 Dungeon Crawl Stone Soup version 0.26.1-11-gd32895ea62 (webtiles) character file.

Game seed: 9803101425128271091

19 Descartes the Scratcher (level 2, -2/12 HPs)
             Began as a Felid Transmuter on June 16, 2021.
             Killed by divine providence
             ... invoked by an orc priest
              (14 damage)
             ... on level 2 of the Dungeon.
             The game lasted 00:00:59 (1038 turns).

Descartes the Scratcher (Felid Transmuter)          Turns: 1038, Time: 00:01:00

Health: -2/12      AC:  1    Str:  6    XL:     2   Next: 55%
Magic:  6/6        EV: 18    Int: 14    God:
Gold:   25         SH:  0    Dex: 16    Spells: 4/5 levels left
                                        Lives:  0   Deaths: 0

rFire    . . .     SeeInvis +     - Unarmed
rCold    . . .     Faith    .   (shield unavailable)
rNeg     . . .     Spirit   .   (armour unavailable)
rPois    .         Reflect  .   (helmet unavailable)
rElec    .         Harm     .   (cloak unavailable)
rCorr    .         Rampage  .   (gloves unavailable)
Will     .....                  (boots unavailable)
Stlth    ++........             (no amulet)
HPRegen  0.04/turn              (no ring)
MPRegen  0.10/turn              (no ring)

@: quick
A: very small, no armour, no weapons or thrown items, stealth, claws 1, fangs 3,
see invisible, speed 1, shaggy fur 1, sharp paws
a: no special abilities


You were on level 2 of the Dungeon.
You visited 1 branch of the dungeon, and saw 2 of its levels.

You collected 25 gold pieces.

Inventory:

Scrolls
 a - a scroll of noise {unknown}
 b - 2 scrolls of remove curse {unknown}
 c - a scroll of identify {unknown}
 d - 2 scrolls of amnesia {unknown}
 e - a scroll of teleportation {unknown}
 g - a scroll of enchant armour {unknown}
Potions
 f - a potion of cancellation {unknown}
 h - a potion of curing {unknown}
 i - a potion of might {unknown}
 j - a potion of haste {unknown}


   Skills:
 + Level 1.5 Fighting
 + Level 3.1 Dodging
 + Level 1.5 Stealth
 + Level 3.2 Unarmed Combat
 - Level 2.0 Spellcasting
 - Level 2.1 Transmutations


You had 4 spell levels left.
You knew the following spells:

 Your Spells              Type           Power        Failure   Level
a - Beastly Appendage     Tmut           14%          10%         1

Your spell library contained the following spells:

 Spells                   Type           Power        Failure   Level
 Wereblood                Tmut           7%           14%         2
 Spider Form              Tmut/Pois      2%           41%         3
 Ice Form                 Ice/Tmut       4%           83%         4
 Blade Hands              Tmut           3%           95%         5


Dungeon Overview and Level Annotations

Branches:
Dungeon (2/15)

Altars:
Dithmenos
Hepliaklqana


Innate Abilities, Weirdness & Mutations

You cannot wear armour.
You are incapable of wielding weapons or throwing items.
Your paws allow you to move quietly. (Stealth)
You have sharp claws.
You have razor-sharp teeth.
You have supernaturally acute eyesight. (SInv)
You cover ground quickly.
You are covered in fur. (AC +1)
Your sharp claws are effective at attacking unaware monsters.


Message History

No target in view!
No target in view!
No target in view!
You see here a hobgoblin corpse.
Done exploring.
Done exploring.
There is a stone staircase leading down here.
You climb downwards. 2 rats and an orc priest come into view.
Found 7 gold pieces.
There is a stone staircase leading up here.
Found a hazy altar of Hepliaklqana.
Found a stone staircase leading down.
You pounce on the unaware helpless rat!
You claw the rat!
You kill the rat!
The ancestor shouts!
The orc priest calls down the wrath of Beogh upon you.
Beogh smites you!
Ouch! That really hurt!
You die...

...#§§ _.._#R
....# .# .... ##
...#####..##.###
........#.....
#...†.......
#.........>. .#.
#...@..#...
.....###......#
$......<......#
..r...........#
................
.....###.....##..
..... #.....o...
.... #..........
... .....###.


You could see an orc priest.

Vanquished Creatures
  A dart slug (D:1)
  3 bats (D:1)
  2 giant cockroaches (D:1)
  2 goblins (D:1)
  A hobgoblin (D:1)
  4 kobolds (D:1)
  3 rats
16 creatures vanquished.

Notes
Turn   | Place    | Note
-------+----------+-------------------------------------------
     0 | D:1      | Descartes the Felid Transmuter began the quest for the Orb.
     0 | D:1      | Reached XP level 1. HP: 9/9 MP: 4/4
   355 | D:1      | Reached skill level 1 in Stealth
   388 | D:1      | Reached XP level 2. HP: 9/12 MP: 6/6
  1035 | D:2      | Found a hazy altar of Hepliaklqana.
  1038 | D:2      | Found a shadowy altar of Dithmenos.
  1038 | D:2      | Killed from afar by an orc priest

Illustrated notes

Levels and vault maps discovered:
D:1:      mrwooster_arrival_arrow, layout_loops_ring, minmay_misc_feat_square,
          minmay_pentomino_o2
D:2:      layout_rooms, riverfiend_overflow_shadow_ancestor,
          nzn_wu_jian_council_hall, kennysheep_generic_room_10, uniq_robin

Skill      XL: |  1 |
---------------+----+-----
Dodging        | 3 |  3.1
Stealth        | 1 |  1.5
Fighting       | |  1.5
Unarmed Combat | |  3.2
Spellcasting   | |  2.0
Transmutations | |  2.1

Action                   || total
-------------------------++-------
Melee: Unarmed           ||    41
       Punch             ||     1
       Bite              ||     1
 Stab: Sleeping          ||     6
Armor: Skin              ||     3
Dodge: Dodged            ||    30
